 Dungeon Crawl Stone Soup version 0.30-a0-859-gf88a04b62d (webtiles) character file.

Game seed: 7729223191597909141

62681 Dittersdorf the Protected (level 15, -2/101 HPs)
             Began as a Gargoyle Fighter on Mar 6, 2023.
             Was the Champion of Okawaru.
             Slain by a two-headed ogre
             ... wielding a +0 giant club
              (4 damage)
             ... on level 2 of the Orcish Mines.
             The game lasted 00:32:34 (17240 turns).

Dittersdorf the Protected (Gargoyle Fighter)       Turns: 17240, Time: 00:32:34

Health: -2/101     AC: 42    Str: 36    XL:     15   Next: 7%
Magic:  13/15      EV: 10    Int:  9    God:    Okawaru [******]
Gold:   1293       SH: 14    Dex:  9    Spells: 14/14 levels left

rFire   + . .      SeeInvis .    F - +3 eveningstar (vamp)
rCold   + . .      Faith    .    C - +0 kite shield
rNeg    + . .      Spirit   .    o - +4 plate armour "Buemmes" {Str+3}
rPois   ∞          Reflect  .    z - +0 helmet
rElec   +          Rampage  .    w - scarf {rC+ rF+}
rCorr   .                        E - +1 pair of gloves
Will    +....                    (no boots) Stlth
                                 m - amulet of regeneration
HPRegen 1.16/turn                g - +4 ring of protection
MPRegen 0.14/turn                l - +6 ring of strength

@: heroic, flying, studying Unarmed Combat
A: sickness immunity, AC +11, big wings, negative energy resistance 1,
electricity resistance, torment resistance 1, petrification resistance
a: Renounce Religion, Heroism, Finesse, Duel


You were on level 2 of the Orcish Mines.
You worshipped Okawaru.
Okawaru was exalted by your worship.
You visited 4 branches of the dungeon, and saw 20 of its levels.
You also visited: Ice Cave.

You collected 1683 gold pieces.
You spent 390 gold pieces at shops.

Inventory:

Hand Weapons
 F - a +3 vampiric eveningstar (weapon)
Missiles
 j - 2 throwing nets
 v - 7 curare-tipped darts (quivered)
Armour
 e - a +4 chain mail of cold resistance
 o - the +4 plate armour "Buemmes" (worn) {Str+3}
   (Okawaru gifted it to you on level 5 of the Lair of Beasts)

   Str:       It affects your strength (+3).
 w - a scarf of resistance (worn)
 z - a +0 helmet (worn)
 C - a +0 kite shield (worn)
 E - a +1 pair of gloves (worn)
 G - a +0 chain mail of fire resistance
Jewellery
 a - a ring of resist corrosion
 c - a ring of see invisible
 g - a +4 ring of protection (left hand)
 l - a +6 ring of strength (right hand)
 m - an amulet of regeneration (around neck)
 J - a ring of ice
Wands
 n - a wand of flame (7)
 r - a wand of quicksilver (24)
 t - a wand of iceblast (7)
 y - a wand of digging (1)
Scrolls
 b - a scroll of fog
 h - 3 scrolls of blinking
 k - 8 scrolls of teleportation
 s - 2 scrolls of identify
 D - 3 scrolls of poison
 K - 2 scrolls of enchant armour
Potions
 d - 3 potions of might
 f - 5 potions of haste
 i - 4 potions of brilliance
 p - 7 potions of curing
 q - 2 potions of ambrosia
 u - 8 potions of mutation
 x - 6 potions of berserk rage
 A - 2 potions of invisibility
 B - 2 potions of heal wounds
 H - 2 potions of resistance
 I - 2 potions of cancellation


   Skills:
 + Level 14.7(19.7) Fighting
 + Level 13.4(18.4) Maces & Flails
 + Level 14.7(19.7) Armour
 + Level 14.7(19.7) Shields


You had 14 spell levels left.
You didn't know any spells.
Your spell library contained the following spells:

 Spells                   Type           Power      Damage    Failure   Level
 Beastly Appendage        Tmut           0%         N/A       88%         1
 Magic Dart               Conj           0%         1d3       88%         1
 Lesser Beckoning         Tloc           0%         N/A       96%         2
 Wereblood                Tmut           0%         N/A       96%         2
 Frozen Ramparts          Ice            0%         1d1       99%         3
 Gell's Gravitas          Tloc           0%         N/A       99%         3
 Hailstorm                Conj/Ice       0%         3d3       99%         3
 Kindle Blastsparks       Fire/Tloc/Air  0%         2d10      99%         3
 Mephitic Cloud           Conj/Pois/Air  0%         N/A       99%         3
 Spider Form              Tmut/Pois      0%         N/A       99%         3
 Teleport Other           Tloc           0%         N/A       99%         3
 Vhi's Electric Charge    Tloc/Air       0%         N/A       99%         3
 Fulminant Prism          Conj/Hex       0%         3d5       100%        4
 Ice Form                 Ice/Tmut       0%         N/A       100%        4
 Iskenderun's Mystic Bla  Conj/Tloc      0%         2d3       100%        4
 Leda's Liquefaction      Hex/Erth       0%         N/A       100%        4
 Passage of Golubria      Tloc           0%         N/A       100%        4
 Arcjolt                  Conj/Air       0%         1d10      100%        5
 Lee's Rapid Deconstruct  Erth           0%         3d4*      100%        5
 Silence                  Hex/Air        0%         N/A       100%        5
 Lehudib's Crystal Spear  Conj/Erth      0%         10d2      100%        8
 Maxwell's Capacitive Co  Air            0%         ∞         100%        8
 Call Imp                 Summ           Unusable   N/A       N/A         2
 Summon Ice Beast         Ice/Summ       Unusable   N/A       N/A         4
 Simulacrum               Ice/Necr       Unusable   N/A       N/A         6
 Statue Form              Tmut/Erth      Unusable   N/A       N/A         6

Dungeon Overview and Level Annotations

Branches:
Dungeon (12/15)            Temple (1/1) D:4            Lair (5/5) D:11
  Swamp (0/4) Lair:2       Spider (0/4) Lair:3        Slime (0/5) Lair:4
    Orc (2/2) D:11            Elf (0/3) Orc:2         IceCv (visited)

Altars:
Ashenzari
Cheibriados
Dithmenos
Elyvilon
Fedhas
Gozag
Hepliaklqana
Kikubaaqudgha
Makhleb
Nemelex Xobeh
Okawaru
Qazlal
Ru
Sif Muna
Trog
Uskayaw
Vehumet
Wu Jian
Xom
Yredelemnul
Zin
The Shining One

Shops:
D:1 :   D:6 [   D:7 (


Innate Abilities, Weirdness & Mutations

You are immune to sickness and miasma.
Your stone body is resilient. (AC +11)
You are immune to poison.
Your large and strong wings let you fly.
You resist negative energy. (rN+)
You are resistant to electric shocks. (rElec)
You are resistant to unholy torment.
You are immune to petrification.


Message History

The two-headed ogre barely misses you.
You barely miss something.
You hear some strange, mumbled words.
A bolt of magma appears from out of thin air!
The bolt of magma hits you but does no damage.
You bump into the rock wall.
You feel less confused.
The two-headed ogre hits you with a +0 giant club!!
The two-headed ogre closely misses you.
The two-headed ogre hits you but does no damage.
You block the two-headed ogre's attack. Something hits you but does no damage.
You puncture the two-headed ogre!
The two-headed ogre is lightly wounded.
The two-headed ogre closely misses you.
The two-headed ogre hits you but does no damage. x3
You completely miss the two-headed ogre.
The two-headed ogre is lightly wounded.
You hear some strange, mumbled words.
You suddenly lose the ability to move!
The two-headed ogre hits you but does no damage. x2
Something hits you but does no damage.
The two-headed ogre hits you but does no damage.
The two-headed ogre hits you with a +0 giant club!
The two-headed ogre hits you with a +0 giant club.
The two-headed ogre hits you with a +0 giant club!
Something hits you.
* * * LOW HITPOINT WARNING * * *
The two-headed ogre hits you with a +0 giant club!!
* * * LOW HITPOINT WARNING * * *
The two-headed ogre hits you but does no damage.
You can move again.
Unknown command.
You gain the combat prowess of a mighty hero.
You hit the two-headed ogre.
You feel better.
The two-headed ogre is lightly wounded.
Something hits you!
* * * LOW HITPOINT WARNING * * *
The two-headed ogre closely misses you. You block the two-headed ogre's attack.
The two-headed ogre hits you with a +0 giant club.
You die...

#...#........#.#.#.###..
...#.......#..####
....#..........#
...............##
................#
.....#.##...##.##
#.####.....### #
#OO{...# ##@##.## ###
..# .##


You could see 2 two-headed ogres.

Vanquished Creatures
  4 dire elephants (Lair:5)
  A hydra (Lair:5)
  The ghost of Etsiony the Grappler, a novice TrTm of Cheibriados (Lair:2)
  A boulder beetle (Lair:4)
  4 two-headed ogres
  7 death yaks
  Urug (Lair:1)
  Nergalle (Lair:3)
  A skyshark (Lair:4)
  2 spectral death yaks (Lair:5)
  A spectral anaconda (Lair:5)
  2 bog bodies (Lair:2)
  An orange crystal statue (D:12)
  An obsidian statue (Lair:5)
  An orc knight (Orc:2)
  2 deep elf pyromancers
  A lindwurm (Lair:4)
  4 necromancers (Lair:5)
  2 oklob plants (Lair:4)
  2 cyclopes
  13 elephants
  6 black mambas
  A centaur zombie (D:9)
  2 ice statues (IceCv)
  7 cane toads
  Maggie (D:6)
  2 torpor snails
  4 centaur skeletons (D:9)
  A freezing wraith (IceCv)
  6 rime drakes
  6 komodo dragons
  6 trolls
  2 polar bears (Lair:5)
  Grinder (D:3)
  3 hellwings (D:9)
  A hornet (D:8)
  17 blink frogs
  3 dream sheep (Lair:4)
  5 slime creatures (D:12)
  Sigmund (D:3)
  2 shadows
  54 yaks
  5 wyverns
  A centaur simulacrum (D:12)
  Eustachio (D:5)
  3 death yak simulacra
  A steam dragon (D:6)
  8 vampire mosquitoes
  4 spectral cane toads (Lair:5)
  Menkaure (D:6)
  An acid dragon (D:10)
  4 wargs (Orc:1)
  2 swamp worms (Lair:2)
  13 water moccasins
  10 orc warriors
  2 sky beasts
  3 black bears
  3 ice beasts
  4 ogres
  13 wolves
  A phantom (D:6)
  2 centaurs
  4 kobold brigands
  Blork the orc (D:5)
  4 bullfrogs
  A gnoll sergeant (D:9)
  2 scorpions
  4 cane toad simulacra
  12 wights
  2 elephant simulacra (Lair:5)
  5 electric eels
  6 howler monkeys
  12 orc priests
  2 jellies
  Crazy Yiuf (D:3)
  A gnoll bouda (D:8)
  2 hounds
  A sleepcap (D:7)
  2 iguanas
  12 orc wizards
  A boggart skeleton (D:9)
  A wolf simulacrum (IceCv)
  12 gnolls
  12 adders
  2 white imps (D:7)
  2 ufetubi
  2 worms (D:2)
  3 dart slugs
  52 orcs
  7 bats
  8 endoplasms
  3 giant cockroaches
  4 goblins
  A hobgoblin (D:4)
  3 jackals (D:1)
  3 quokkas
  20 ball pythons
  A frilled lizard (D:3)
  30 kobolds
  7 rats
514 creatures vanquished.

Vanquished Creatures (others)
  An ugly thing (IceCv)
  2 orcs (D:7)
  9 fungi
  10 plants
  10 withered plants (Lair:5)
32 creatures vanquished.

Grand Total: 546 creatures vanquished

Notes
Turn   | Place    | Note
-------+----------+-------------------------------------------
     0 | D:1      | Dittersdorf the Gargoyle Fighter began the quest for the
                  | Orb.
     0 | D:1      | Reached XP level 1. HP: 14/14 MP: 1/1
   140 | D:1      | Reached XP level 2. HP: 17/19 MP: 2/2
   374 | D:1      | Found Iteipsar's Book Emporium.
   483 | D:1      | Reached XP level 3. HP: 23/23 MP: 3/3
  1402 | D:2      | Found a faded altar of an unknown god.
  1502 | D:2      | Reached XP level 4. HP: 29/29 MP: 4/4
  1799 | D:3      | Noticed Grinder
  1822 | D:3      | Killed Grinder
  1823 | D:3      | Reached XP level 5. HP: 28/34 MP: 5/5
  1823 | D:3      | Reached XP level 6. HP: 32/39 MP: 6/6
  1869 | D:3      | Noticed Sigmund
  1904 | D:3      | Killed Sigmund
  1905 | D:3      | Reached skill level 5 in Fighting
  1905 | D:3      | Reached skill level 5 in Armour
  1905 | D:3      | Reached skill level 5 in Shields
  1905 | D:3      | Reached XP level 7. HP: 35/44 MP: 7/7
  2244 | D:3      | Found a runed translucent door.
  2245 | D:3      | Noticed Crazy Yiuf
  2293 | D:3      | Found a snail-covered altar of Cheibriados.
  2293 | D:3      | Found a radiant altar of Vehumet.
  2294 | D:3      | Found a glowing silver altar of Zin.
  3099 | D:4      | Found a staircase to the Ecumenical Temple.
  3108 | Temple   | Entered the Ecumenical Temple
  3301 | D:4      | Found a hazy altar of Hepliaklqana.
  3701 | D:4      | Reached XP level 8. HP: 51/51 MP: 8/8
  4076 | D:5      | Entered Level 5 of the Dungeon
  4163 | D:5      | Noticed Blork the orc
  4171 | D:5      | Killed Blork the orc
  4183 | D:5      | Noticed Eustachio
  4273 | D:5      | Killed Eustachio
  4274 | D:5      | Reached skill level 5 in Maces & Flails
  5166 | D:6      | Found Xuprad's Armour Shoppe.
  5169 | D:6      | Noticed Menkaure
  5177 | D:6      | Killed Menkaure
  5187 | D:6      | Reached XP level 9. HP: 39/56 MP: 9/9
  5459 | D:6      | Noticed Maggie
  5471 | D:6      | Killed Maggie
  5894 | D:7      | Found a shimmering altar of Xom.
  5934 | D:7      | Found an iron altar of Okawaru.
  5934 | D:7      | Found a white marble altar of Elyvilon.
  5935 | D:7      | Found a bloodstained altar of Trog.
  5945 | D:7      | Found a blossoming altar of Fedhas.
  5946 | D:7      | Became a worshipper of Warmaster Okawaru
  5948 | D:7      | Found an ornate altar of the Wu Jian Council.
  5951 | D:7      | Found a shimmering blue altar of Sif Muna.
  5953 | D:7      | Found a sacrificial altar of Ru.
  5953 | D:7      | Found an ancient bone altar of Kikubaaqudgha.
  5957 | D:7      | Found a broken altar of Ashenzari.
  5958 | D:7      | Found a sparkling altar of Nemelex Xobeh.
  5983 | D:7      | Found Amienur's Weapon Emporium.
  6082 | D:7      | Bought a +2 demon whip of draining for 390 gold pieces
  6547 | D:8      | Noticed a hornet
  6560 | D:8      | Killed a hornet
  6561 | D:8      | Reached XP level 10. HP: 50/64 MP: 10/10
  6612 | D:8      | Reached * piety under Okawaru
  6652 | D:8      | Noticed a two-headed ogre
  6660 | D:8      | Killed a two-headed ogre
  6828 | D:8      | Reached ** piety under Okawaru
  7295 | D:9      | Reached *** piety under Okawaru
  7296 | D:9      | Reached XP level 11. HP: 33/71 MP: 9/11
  7339 | D:9      | Found the +4 Cigotuvi's embrace {Corpsefed rMiasma Drain
                  | rN+}
  7711 | D:9      | Found an opulent altar of Gozag.
  7711 | D:9      | Noticed a cyclops
  7718 | D:9      | Killed a cyclops
  7718 | D:9      | Reached **** piety under Okawaru
  7719 | D:9      | Reached skill level 10 in Armour
  7719 | D:9      | Reached skill level 10 in Shields
  7840 | D:10     | Entered Level 10 of the Dungeon
  7924 | D:10     | Noticed a two-headed ogre
  7927 | D:10     | Noticed a two-headed ogre
  7933 | D:10     | Killed a two-headed ogre
  7934 | D:10     | Reached skill level 10 in Fighting
  7939 | D:10     | Killed a two-headed ogre
  8135 | D:10     | Noticed a deep elf pyromancer
  8148 | D:10     | Killed a deep elf pyromancer
  8352 | D:10     | Reached ***** piety under Okawaru
  8374 | D:10     | You fall into a shaft and drop 1 floor!
  8443 | D:11     | Found a staircase to the Lair.
  9039 | Lair:1   | Entered Level 1 of the Lair of Beasts
  9089 | Lair:1   | Reached XP level 12. HP: 79/79 MP: 12/12
  9094 | Lair:1   | Identified the +6 chain mail "Yffimm" {MP+9 Int+2 Dex+3}
                  | (Okawaru gifted it to you on level 1 of the Lair of Beasts)
  9094 | Lair:1   | Received a gift from Okawaru
  9250 | Lair:1   | Noticed Urug
  9275 | Lair:1   | Killed Urug
  9276 | Lair:1   | Reached skill level 10 in Maces & Flails
 10137 | Lair:2   | Found a runed translucent door.
 10143 | Lair:2   | Noticed Etsiony's ghost (novice TrTm)
 10804 | Lair:2   | Found a staircase to the Swamp.
 10865 | Lair:2   | Killed Etsiony's ghost
 11166 | D:3      | Killed Crazy Yiuf
 11465 | Lair:3   | Noticed Nergalle
 11471 | Lair:3   | Killed Nergalle
 11527 | Lair:3   | Found a hole to the Spider Nest.
 11612 | Lair:3   | Reached XP level 13. HP: 86/86 MP: 13/13
 12055 | Lair:4   | Received a gift from Okawaru
 12799 | Lair:4   | Reached ****** piety under Okawaru
 12799 | Lair:4   | Received a gift from Okawaru
 13131 | Lair:4   | Found a staircase to the Slime Pits.
 13302 | Lair:5   | Entered Level 5 of the Lair of Beasts
 13448 | Lair:4   | Received a gift from Okawaru
 13756 | Lair:5   | Gained mutation: Your large and strong wings let you fly.
                  | [Gargoyle growth]
 13756 | Lair:5   | Reached XP level 14. HP: 90/94 MP: 14/14
 13795 | Lair:5   | Received a gift from Okawaru
 14010 | Lair:5   | Noticed a dire elephant
 14010 | Lair:5   | Noticed a dire elephant
 14010 | Lair:5   | Noticed a dire elephant
 14036 | Lair:5   | Identified the +4 plate armour "Buemmes" {Str+3} (Okawaru
                  | gifted it to you on level 5 of the Lair of Beasts)
 14036 | Lair:5   | Received a gift from Okawaru
 14064 | Lair:5   | Noticed a dire elephant
 14073 | Lair:5   | Killed a dire elephant
 14375 | Lair:5   | Killed a dire elephant
 14392 | Lair:5   | Killed a dire elephant
 14399 | Lair:5   | Killed a dire elephant
 15061 | D:11     | Found a staircase to the Orcish Mines.
 15553 | D:12     | Identified the +3 ring mail of Fioguokich {rF+ rN+}
                  | (Okawaru gifted it to you on level 12 of the Dungeon)
 15553 | D:12     | Received a gift from Okawaru
 15598 | D:12     | Found a frozen archway.
 15674 | IceCv    | Entered an ice cave
 15695 | IceCv    | Found a transporter.
 15726 | IceCv    | Found a transporter.
 16153 | D:12     | Found a broken altar of Ashenzari.
 16504 | Orc:1    | Entered Level 1 of the Orcish Mines
 16677 | Orc:2    | Entered Level 2 of the Orcish Mines
 16693 | Orc:1    | Reached XP level 15. HP: 101/101 MP: 15/15
 16879 | Orc:2    | Found a staircase to the Elven Halls.
 17236 | Orc:2    | Paralysed by something for 2 turns
 17240 | Orc:2    | HP: 2/101 [something (11)]
 17240 | Orc:2    | Slain by a two-headed ogre

Illustrated notes

Levels and vault maps discovered:
D:1:      sevenhm_arrival_forest_fort_large_2, layout_basic, serial_shops,
          nicolae_square_shop, serial_rivers, chequers_serial_rivers_micro_e,
          chequers_serial_rivers_room_b, chequers_serial_rivers_micro_d,
          chequers_serial_rivers_marsh, chequers_serial_rivers_small_a,
          chequers_serial_rivers_small_3
D:2:      layout_basic, shapermc_ecumenical_altar_totnotflames
D:3:      layout_loops_ring, gammafunk_temple_overflow_claw, uniq_sigmund,
          uniq_grinder, uniq_crazy_yiuf_cottage
D:4:      layout_layer_cave, nicolae_overflow_hidden_temple, temple_fountains,
          minmay_snake_closets
D:5:      layout_loops_ring, uniq_blork_the_orc, uniq_eustachio
D:6:      nicolae_cairo_tiling_very_big, layout_cave_pools, serial_shops,
          nicolae_shop_waterfront, kennysheep_generic_room_12, uniq_menkaure,
          uniq_maggie
D:7:      layout_loops_ring, nicolae_overflow_hallway_of_the_gods,
          lemuel_crystal_altar, serial_shops, nicolae_inconvenience_store
D:8:      black_bear_nest_1, layout_rooms, kennysheep_nub,
          nicolae_figureground_pulse
D:9:      layout_cave_pools, mainiacjoe_overflow_24_doors,
          hellmonk_guarded_unrand_cigotuvi
D:10:     layout_basic
D:11:     layout_long_grid, hellmonk_lair_entry_icy, orc_0_dummy
D:12:     minmay_statue_hallways, layout_loops_cross, portal_ice_cave_rime,
          ashenzari_conservatory_becter
Temple:   hellmonk_temple_beads
Lair:1:   layout_long_grid, serial_bayou_shore_a, infiniplex_staircase_pool,
          uniq_urug
Lair:2:   layout_misc_corridors, nicolae_swamp_entry_splash_gauntlet,
          ebering_ghost_inner_flame
Lair:3:   layout_hall_layers, dummy_spider_entry, uniq_nergalle
Lair:4:   minmay_lair_oklob_chamber, layout_hall_layers, slime_entry_1
Lair:5:   due_jungle_book, layout_misc_corridors
Orc:1:    layout_caves
Orc:2:    pf_orc_diabolical, layout_caves, minmay_orc_barracks

Skill      XL: |  1  2  3  4  5  6  7  8  9 10 11 12 13 14 |
---------------+-------------------------------------------+-----
Armour         | 4 5 7 8 9 11 12 13 14 | 14.7
Fighting       | 4 5 6 8 9 10 12 13 14 | 14.7
Maces & Flails | 3 4 5 7 8 9 11 12 13 | 13.4
Shields        | 4 5 6 8 9 10 12 13 14 | 14.7

Action                     |  1- 3 |  4- 6 |  7- 9 | 10-12 | 13-15 || total
---------------------------+-------+-------+-------+-------+-------++-------
  Melee: Flail             |   107 |    70 |    58 |       |       ||   235
         Whip              |       |       |   500 |       |       ||   500
         Demon whip        |       |       |    46 |   660 |   137 ||   843
         Eveningstar       |       |       |       |       |   808 ||   808
 Invoke: Heroism           |       |       |       |     3 |     3 ||     6
  Evoke: Wand              |       |       |       |       |     1 ||     1
    Use: Scroll            |       |       |     9 |     5 |    16 ||    30
 Armour: Scale mail        |    66 |       |       |       |       ||    66
         Chain mail        |     4 |    43 |   375 |   127 |   406 ||   955
         Plate armour      |       |       |    60 |   270 |   366 ||   696
  Dodge: Dodged            |    47 |    26 |   224 |   180 |   402 ||   879
  Block: Buckler           |    25 |    15 |   151 |   161 |   294 ||   646
         Kite shield       |       |       |       |       |   151 ||   151

Table legend: (Time is in decaauts)
 A = Elapsed time spent in this place.
 B = Non-inter-level travel time spent in this place.
 C = Inter-level travel time spent in this place.
 D = Time resting spent in this place.
 E = Time spent auto-exploring this place.
 F = Levels seen in this place.
 G = Mean time per level.
                   A        B        C        D        E       F      G
               +--------+--------+--------+--------+--------+-----+--------+
         Total |  16943 |  15277 |   1666 |    923 |  10454 |  21 |  806.8 |
       Dungeon |  10685 |   9441 |   1244 |    216 |   6895 |  12 |  890.4 |
        Temple |    109 |     99 |     10 |      0 |     92 |   1 |  109.0 |
          Lair |   5259 |   4862 |    397 |    480 |   3162 |   5 | 1051.8 |
  Orcish Mines |    734 |    720 |     14 |    227 |    227 |   2 |  367.0 |
      Ice Cave |    154 |    154 |      0 |      0 |     78 |   1 |  154.0 |
               +--------+--------+--------+--------+--------+-----+--------+

Top non-repeatable levels by time:
     D:4: 1493 daAuts
  Lair:5: 1441 daAuts
  Lair:4: 1280 daAuts
     D:3: 1125 daAuts
  Lair:1: 1095 daAuts
    D:10: 1043 daAuts
     D:5: 914 daAuts
     D:1: 875 daAuts
    D:12: 805 daAuts
     D:9: 781 daAuts
     D:7: 758 daAuts
     D:6: 753 daAuts
     D:2: 753 daAuts
  Lair:2: 750 daAuts
    D:11: 744 daAuts
